 Dungeon Crawl Stone Soup version 0.30-a0-778-g2ef04afb54 (webtiles) character file.

Game seed: 3139957239035614939

9 Esekla the Sneak (level 2, 0/21 HPs)
             Began as an Octopode Delver on Feb 16, 2023.
             Killed from afar by a white imp (11 damage)
             ... with a puff of frost
             ... on level 6 of the Dungeon.
             The game lasted 00:02:32 (404 turns).

Esekla the Sneak (Octopode Delver)                   Turns: 404, Time: 00:02:33

Health: 0/21       AC:  1    Str: 11    XL:     2   Next: 16%
Magic:  2/2        EV: 13    Int: 12    God:
Gold:   19         SH:  0    Dex: 13    Spells: 1/1 levels left

rFire   . . .      SeeInvis .    a - +0 falchion
rCold   . . .      Faith    .    (no shield)
rNeg    . . .      Spirit   .    (helmet restricted)
rPois   .          Reflect  .    (no amulet)
rElec   .          Harm     .    (no ring)
rCorr   .          Rampage  .    (no ring)
Will    .....                    (no ring)
Stlth   ++++                     (no ring)
HPRegen 0.23/turn                (no ring)
MPRegen 0.08/turn                (no ring)
                                 (no ring)
                                 (no ring)

@: no status effects
A: almost no armour, amphibious, 8 rings, camouflage 1, gelatinous body 1,
(nimble swimmer 1), tentacles
a: no special abilities


You were on level 6 of the Dungeon.
You visited 1 branch of the dungeon, and saw 2 of its levels.

You collected 19 gold pieces.

Inventory:

Hand Weapons
 a - a +0 falchion (weapon)
 i - a +0 spear
Missiles
 h - 2 throwing nets (quivered)
Wands
 f - a wand of digging (3)
Scrolls
 b - a scroll of fog
 c - a scroll of enchant armour {unknown}
 d - a scroll of fear
 g - 2 scrolls of teleportation {unknown}
Potions
 e - a potion of haste


   Skills:
 * Level 3.1 Fighting
 * Level 2.1 Long Blades
 * Level 2.1 Dodging
 + Level 6.8 Stealth
 * Level 0.2 Spellcasting


You had one spell level left.
You didn't know any spells.
Your spell library contained the following spells:

 Spells                   Type           Power      Damage    Failure   Level
 Cigotuvi's Dreadful Rot  Necr/Pois/Air  0%         N/A       45%         2
 Poisonous Vapours        Pois/Air       0%         N/A       45%         2
 Mephitic Cloud           Conj/Pois/Air  0%         N/A       69%         3


Dungeon Overview and Level Annotations

Branches:
Dungeon (6/15)
 Temple: D:4-7

Altars:


Innate Abilities, Weirdness & Mutations

You cannot wear most types of armour.
You are amphibious.
You can wear up to eight rings at the same time.
Your skin changes colour to match your surroundings (Stealth+).
Your rubbery body absorbs attacks. (AC +1, EV +1)
((You are camouflaged when in or above water. (Stealth+)))
You have tentacles for arms and can constrict up to eight enemies at once.


Message History

i - a +0 spear You start resting.
HP restored.
A jackal comes into view.
The jackal barks!
You hear a shout! x4
Unknown command.
You have 19 gold pieces.
Unknown command.
You see here a gnoll corpse.
You start waiting.
Done waiting.
You see here a throwing net.
h - 2 throwing nets (gained 1)
Found a stone staircase leading down.
A white imp comes into view.
Found a scroll labelled YGUTAE UKYD.
Found a stone staircase leading down.
The white imp gestures at you. The puff of frost hits you!
The white imp gestures at you. The puff of frost misses you.
There is a stone staircase leading up here.
You climb upwards.
There is a stone staircase leading down here.
You start resting.
HP restored.
You climb downwards.
There is a stone staircase leading up here.
The white imp gestures at you. The puff of frost misses you.
The white imp barely misses you.
You closely miss the white imp. You grab the white imp.
You squeeze the white imp.
The white imp is moderately wounded.
You constrict the white imp. The white imp gestures at you.
The puff of frost hits you! The white imp gestures at you.
The puff of frost hits you!
Ouch! That really hurt!
You die...

................
...............#
...............##
>...............#
................#
#..............# ###
##.............# ##.##
#........5....# #...##
##.......@....###....#
..#....................#####
..........<.................
.#####....##......)....#####
.##.....#.......##.###
.....................##
..........##..##..##..#####
...........##....##.........
..#.................≈≈≈≈≈≈≈≈


You could see a white imp.

Vanquished Creatures
  A gnoll (D:6)
1 creature vanquished.

Notes
Turn   | Place    | Note
-------+----------+-------------------------------------------
     0 | D:5      | Esekla the Octopode Delver began the quest for the Orb.
     0 | D:5      | Reached XP level 1. HP: 16/16 MP: 1/1
    45 | D:5      | Noticed a hound
    72 | D:6      | Noticed a wight
    85 | D:6      | Noticed a wight
    86 | D:6      | Noticed a hound
    88 | D:6      | Noticed an electric eel
    89 | D:6      | Noticed a wight
    94 | D:6      | Noticed a wight
   115 | D:6      | Noticed a hound
   117 | D:6      | Noticed a gnoll sergeant
   135 | D:6      | Noticed a hound
   146 | D:6      | Reached XP level 2. HP: 5/21 MP: 2/2
   404 | D:6      | Killed from afar by a white imp

Illustrated notes

Levels and vault maps discovered:
D:5:      layout_basic, uniq_blork_the_orc
D:6:      layout_cave_pools, serial_gnoll_camp, gnoll_camp_mini_sergeant,
          gnoll_camp_mini_doghouse, gnoll_camp_mini_hut,
          gnoll_camp_mini_doghouse, gnoll_camp_mini_loothouse,
          gnoll_camp_huts_moat

Action                     || total
---------------------------++-------
  Melee: Falchion          ||     3
         Tentacles         ||     3
         Constrict         ||     2
    Use: Scroll            ||     1
  Dodge: Dodged            ||     7

Table legend: (Time is in decaauts)
 A = Elapsed time spent in this place.
 B = Non-inter-level travel time spent in this place.
 C = Inter-level travel time spent in this place.
 D = Time resting spent in this place.
 E = Time spent auto-exploring this place.
 F = Levels seen in this place.
 G = Mean time per level.
                   A        B        C        D        E       F      G
               +--------+--------+--------+--------+--------+-----+--------+
         Total |    405 |    405 |      0 |    201 |      0 |   2 |  202.5 |
       Dungeon |    405 |    405 |      0 |    201 |      0 |   2 |  202.5 |
               +--------+--------+--------+--------+--------+-----+--------+

Top non-repeatable levels by time:
     D:6: 301 daAuts
     D:5: 103 daAuts
